 Dungeon Crawl Stone Soup version 0.29.0-4-gdea44cf6ec (webtiles) character file.

Game seed: 5886900877885622255

86 qw the Chopper (level 4, -1/26 HPs)
             Began as a Tengu Warper on Aug 28, 2022.
             Slain by an orc
             ... wielding a +0 mace
              (4 damage)
             ... on level 3 of the Dungeon.
             The game lasted 00:00:10 (1701 turns).

qw the Chopper (Tengu Warper)                       Turns: 1701, Time: 00:00:10

Health: -1/26      AC:  7    Str: 14    XL:     4   Next: 50%
Magic:  8/8        EV: 12    Int: 13    God:
Gold:   25         SH:  0    Dex: 13    Spells: 7/7 levels left

rFire   . . .      SeeInvis .   Y - +0 war axe
rCold   . . .      Faith    .   (no shield)
rNeg    . . .      Spirit   .   b - +0 leather armour
rPois   +          Reflect  .   (helmet restricted)
rElec   .          Harm     .   (no cloak)
rCorr   .          Rampage  .   (no gloves)
Will    .....                   (boots unavailable)
Stlth   +.........              (no amulet)
HPRegen 0.08/turn               g - +4 ring of protection
MPRegen 0.11/turn               i - ring of poison resistance

@: no status effects
A: beak, talons 3
a: no special abilities


You were on level 3 of the Dungeon.
You visited 1 branch of the dungeon, and saw 3 of its levels.

You collected 109 gold pieces.
You spent 84 gold pieces at shops.


Innate Abilities, Weirdness & Mutations

You have a beak for a mouth.
You have claws for feet.


   Skills:
 - Level 2.0 Fighting
 + Level 5.1 Axes
 - Level 1.0 Throwing
 - Level 1.1 Armour
 - Level 2.1 Dodging
 - Level 2.0 Spellcasting
 - Level 2.4 Translocations


You had 7 spell levels left.
You didn't know any spells.
Your spell library contained the following spells:

 Spells                   Type           Power      Damage    Failure   Level
 Blink                    Tloc           14%        N/A       19%         2
 Gell's Gravitas          Tloc           7%         N/A       34%         3
 Lesser Beckoning         Tloc           7%         N/A       34%         3
 Teleport Other           Tloc           7%         N/A       34%         3
 Manifold Assault         Tloc           7%         N/A       97%         5

Inventory:

Hand Weapons
 h - a +0 flail
 Y - a +0 war axe (weapon)
Armour
 b - a +0 leather armour (worn)
Jewellery
 g - a +4 ring of protection (left hand)
 i - a ring of poison resistance (right hand)
Scrolls
 a - 2 scrolls of fear {unknown}
 k - a scroll of identify
Potions
 d - a potion of mutation
 e - a potion of might {unknown}
 f - a potion of berserk rage {unknown}
 j - a potion of lignification {unknown}
 n - a potion of haste {unknown}

Dungeon Overview and Level Annotations

Branches:
Dungeon (3/15)

Altars:
Sif Muna

Shops:
D:2 (


Message History

The orc priest hits you but does no damage.
The orc hits you but does no damage.
The orc priest hits you but does no damage.
You hit the orc priest. You claw the orc priest.
The orc priest is almost dead.
You slash the orc!
You kill the orc!
The orc priest hits you but does no damage.
You have reached level 4!
You feel stronger.
You hit the orc priest.
You peck the orc priest, but do no damage.
The orc priest is almost dead.
You barely miss the orc. The orc hits you with a +0 mace.
The orc priest mumbles some strange prayers to Beogh against you.
Beogh smites you!
You barely miss the orc priest.
The orc priest is almost dead.
You barely miss the orc. The orc barely misses you.
The orc priest mumbles some strange prayers to Beogh against you.
Pain shoots through your body!
You barely miss the orc priest. You claw the orc priest.
You kill the orc priest!
You hit the orc. The orc hits you with a +0 mace.
The orc hits you but does no damage.
Your Axes skill increases to level 5!
You barely miss the orc. Your kick misses the orc.
The orc is moderately wounded.
The orc closely misses you.
You barely miss the orc. Your kick misses the orc.
The orc is moderately wounded.
The orc hits you but does no damage.
You closely miss the orc.
The orc is moderately wounded.
The orc hits you with a +0 mace.
You barely miss the orc.
The orc is moderately wounded.
The orc hits you with a +0 mace.
You die...

##..... .......
....... #+# .......
#.# ....... #.#
.......#########.#
......o.......##.#####
# #.)@......##..##8###
+..$......'.>.......
#.........##.#......
#.........##.#..)...
#.........##.###8###
############.. ### #
..# ..# ........#


You could see an orc.

Vanquished Creatures
  An orc priest (D:3)
  3 adders
  A worm (D:2)
  2 dart slugs (D:2)
  An orc (D:3)
  A ball python (D:2)
  2 endoplasms (D:2)
  2 giant cockroaches (D:2)
  2 goblins (D:1)
  4 hobgoblins
  A quokka (D:1)
  A kobold (D:2)
  3 rats
24 creatures vanquished.

Notes
Turn   | Place    | Note
-------+----------+-------------------------------------------
     0 | D:1      | qw the Tengu Warper began the quest for the Orb.
     0 | D:1      | Reached XP level 1. HP: 12/12 MP: 4/4
     0 | D:1      | 0 ||| qw: Version: 0.1-a-89-g26bdef1
     0 | D:1      | 0 ||| qw: Game counter: 1626
     0 | D:1      | 0 ||| qw: Always use a shield: true
     0 | D:1      | 0 ||| qw: God list: Okawaru
     0 | D:1      | 0 ||| qw: Allow faded altars: false
     0 | D:1      | 0 ||| qw: Do Orc after D:15 true
     0 | D:1      | 0 ||| qw: Do second Lair branch before Depths: true
     0 | D:1      | 0 ||| qw: Lair rune preference: random
     0 | D:1      | 0 ||| qw: Plans: Normal
     0 | D:1      | 0 ||| PLANNING D:1-11
   234 | D:1      | Reached skill level 3 in Axes
   234 | D:1      | Reached XP level 2. HP: 17/17 MP: 6/6
   342 | D:1      | 342 ||| DROPPING +0 club.
   567 | D:1      | Found a faded altar of an unknown god.
   781 | D:1      | 781 ||| DROPPING ring of magical power.
   782 | D:1      | 782 ||| UPGRADING to +4 ring of protection.
   783 | D:1      | 783 ||| READING scroll labelled DOZXICIUXI.
   784 | D:1      | 784 ||| READING scroll labelled TANIUSKAIMU.
   785 | D:1      | 785 ||| READING scroll labelled OTUZUFR IW BIN.
   786 | D:1      | 786 ||| READING scroll labelled AMAINL JOGH.
   787 | D:1      | 787 ||| READING scroll labelled RENOAFF NEANGA.
   788 | D:1      | 788 ||| DROPPING scroll of blinking.
   925 | D:2      | Found Bantalagro's Antique Weapon Boutique.
   931 | D:2      | Found a shimmering blue altar of Sif Muna.
   964 | D:2      | 964 ||| BUYING flail (84 gold).
   964 | D:2      | Bought a flail for 84 gold pieces
   964 | D:2      | 964 ||| SHOPLISTING runed war axe (156 gold, have 3).
   964 | D:2      | 964 ||| SHOPLISTING war axe (84 gold, have 3).
   964 | D:2      | 964 ||| DROPPING +0 mace.
  1071 | D:2      | Reached XP level 3. HP: 21/21 MP: 7/7
  1109 | D:2      | 1109 ||| Stepping ~*~*~tactically~*~*~ (stealth).
  1119 | D:2      | Reached skill level 4 in Axes
  1174 | D:2      | 1174 ||| SWAPPING to +0 war axe.
  1185 | D:2      | 1185 ||| DROPPING +0 hand axe.
  1583 | D:2      | 1583 ||| UPGRADING to ring of poison resistance.
  1584 | D:2      | 1584 ||| READING scroll labelled UJESTU XEER.
  1585 | D:2      | 1585 ||| READING scroll labelled FEOGRY PALY.
  1586 | D:2      | 1586 ||| READING 2 scrolls of identify.
  1586 | D:2      | 1586 ||| IDENTIFYING lumpy puce potion
  1695 | D:3      | Reached XP level 4. HP: 23/26 MP: 8/8
  1697 | D:3      | HP: 4/26 [orc/+0 mace (3)]
  1698 | D:3      | Reached skill level 5 in Axes
  1701 | D:3      | Slain by an orc

Levels and vault maps discovered:
D:1:      dpeg_arrival_three_smaller_balls, layout_loops_ring,
          shapermc_ecumenical_altar_petra, hangedman_decor_points
D:2:      layout_basic, basic_altar, serial_shops, nicolae_shop_trees,
          minmay_statues_item
D:3:      layout_basic, old_standard_altar, serial_corexii_hall,
          corexii_hall_statues_l, chequers_hall_statues_corner_a

Skill      XL: |  1  2  3  4 |
---------------+-------------+-----
Axes           | 3 4 5 |  5.1
Fighting       | |  2.0
Throwing       | |  1.0
Armour         | |  1.1
Dodging        | |  2.1
Spellcasting   | |  2.0
Translocations | |  2.4

Action                   |  1- 3 |  4- 6 || total
-------------------------+-------+-------++-------
Melee: Hand axe          |    32 |       ||    32
       Kick              |    17 |     1 ||    18
       Peck              |     8 |     1 ||     9
       War axe           |    17 |     7 ||    24
       Punch             |     1 |       ||     1
Throw: Boomerang         |     7 |       ||     7
  Use: Scroll            |     8 |       ||     8
Armor: Leather armour    |    15 |     2 ||    17
Dodge: Dodged            |    26 |     2 ||    28

Table legend:
 A = Non-vault XP
 B = Vault XP
 C = Vault XP percentage of total XP
 D = Non-vault monster count
 E = Vault monster count
 F = Vault count percentage of total count
                 A         B        C        D         E       F
            +---------+---------+-------+---------+---------+-------
      Total |     124 |       0 |   0.0 |      24 |       0 |   0.0
            +---------+---------+-------+---------+---------+-------
        D:1 |      14 |       0 |   0.0 |       8 |       0 |   0.0
        D:2 |      40 |       0 |   0.0 |      12 |       0 |   0.0
        D:3 |      70 |       0 |   0.0 |       4 |       0 |   0.0
            +---------+---------+-------+---------+---------+-------
